Little Stars vs Mustangs
(R2)
Created - October 18, 2018 at 21:42
Goals
|
| Little Stars |
1 |
0 |
2 |
3 |
| Mustangs |
1 |
0 |
3 |
4 |
|
Shots
|
| Little Stars |
9 |
7 |
16 |
32 |
| Mustangs |
12 |
11 |
9 |
32 |
|
1st period
1. Little Stars , Mathieu Perreault 1 (Scott Kosmachuck 1, Reece Willcox 1) at 12:39
2. Mustangs , Derek Joslin 2 (Alexei Marchenko 2, Jerome Samson 1) at 17:45
Penalties :
Andrew Shaw (Ham) for Goalie Interference (Minor) at 1:36, Andrew Shaw (Ham) for Holding (Minor) at 13:05
2nd period
No Goal
Penalties :
Scott Kosmachuck (Tex) for Slashing (Minor) at 3:47, Tyson Barrie (Tex) for Holding (Minor) at 10:44, Phil Oreskovic (Tex) for Hooking (Minor) at 17:55
3rd period
3. Little Stars , Cam Atkinson 2 (Shawn Matthias 1, Jordie Benn 1) at 8:08 (SH)
4. Mustangs , Derek Joslin 3 (Jerome Samson 2, Chet Pickard) at 8:44 (PP)
5. Little Stars , Cam Atkinson 3 (Brian Flynn 3) at 9:58
6. Mustangs , Francis Paré 1 (Riley Nash 1) at 12:23
7. Mustangs , Tomas Tatar 3 (Andrew Shaw 3, Jim O'Brien 1) at 15:46
Penalties :
Andrej Sustr (Tex) for Diving (Minor) at 7:51, Andreas Athanasiou (Ham) for Roughing (Minor) at 17:07, Ryan Graves (Ham) for Interference (Minor) at 19:44
Goalie Stats
Peter Delmas (Tex), 28 saves from 32 shots - (0.875), L, 1-1-0, 59:25 minutes
Chet Pickard (Ham), 29 saves from 32 shots - (0.906), W, 1-0-0, 60:00 minutes
Players Stats for Little Stars
Player Name G A P +/- PIM S H SB GA TA FO MP PP MP PK MP
------------------------------------------------------------------------------------
Alexander Vasyunov 0 0 0 1 0 2 1 0 0 0 0/0 9:23 0:00 0:00
Andrej Sustr 0 0 0 -2 2 2 2 0 0 0 0/0 25:51 4:05 3:32
Brian Flynn 0 1 1 -2 0 4 1 0 2 0 14/29 20:48 3:38 1:39
Cam Atkinson 2 0 2 -1 0 4 4 1 0 1 0/1 23:24 3:38 4:16
Dana Tyrell 0 0 0 0 0 4 3 2 1 0 5/12 18:27 2:34 1:39
Daniel O'regan 0 0 0 0 0 0 2 0 0 0 4/4 7:28 0:00 0:13
Emile Poirier 0 0 0 0 0 0 0 0 0 0 1/2 0:36 0:00 0:00
Jason Dickinson 0 0 0 0 0 0 0 0 0 0 0/0 0:36 0:00 0:00
Jesse Joensuu 0 0 0 0 0 4 4 0 0 0 0/0 16:46 2:34 0:00
Jordie Benn 0 1 1 1 0 2 0 2 0 1 0/0 20:25 2:07 2:27
Justin Auger 0 0 0 0 0 0 0 0 0 0 0/0 7:15 0:00 0:00
Mathieu Perreault 1 0 1 1 0 3 1 1 0 0 4/4 10:45 0:00 0:46
Michael Mersch 0 0 0 0 0 1 1 0 0 0 0/0 8:10 0:00 0:55
Phil Oreskovic 0 0 0 -1 2 1 3 1 0 2 0/0 27:32 4:05 2:54
Reece Willcox 0 1 1 1 0 0 0 0 0 0 0/0 3:29 0:00 0:15
Scott Kosmachuck 0 1 1 1 2 2 0 0 0 0 0/0 9:23 0:00 0:00
Shawn Matthias 0 1 1 -1 0 0 1 1 0 1 5/9 23:20 3:38 4:12
Tucker Poolman 0 0 0 0 0 1 0 1 0 0 0/0 12:28 0:00 2:26
Tyler Wotherspoon 0 0 0 0 0 1 1 1 0 0 0/0 10:24 0:00 0:15
Tyson Barrie 0 0 0 1 2 1 0 2 2 1 0/0 19:50 2:07 1:51
Zach Budish 0 0 0 0 0 0 2 0 0 0 1/1 16:46 2:34 0:00
Players Stats for Mustangs
Player Name G A P +/- PIM S H SB GA TA FO MP PP MP PK MP
------------------------------------------------------------------------------------
Alexei Marchenko 0 1 1 1 0 2 2 5 1 0 0/0 27:30 4:20 4:00
Andreas Athanasiou 0 0 0 1 2 2 1 0 0 0 1/5 11:13 0:00 0:50
Andrew Shaw 0 1 1 0 4 3 2 1 0 0 0/1 20:49 3:54 0:26
Ben Harpur 0 0 0 0 0 0 1 1 0 0 0/0 8:47 0:00 0:00
Curtis Hamilton 0 0 0 0 0 2 2 0 1 0 0/0 9:23 0:00 0:36
Dakota Mermis 0 0 0 0 0 0 1 0 0 0 0/0 4:37 0:00 0:00
Danny Biega 0 0 0 0 0 0 1 2 0 1 0/0 9:20 0:00 0:00
Derek Joslin 2 0 2 1 0 2 3 1 0 1 0/0 27:30 4:20 4:00
Eric Knodel 0 0 0 -1 0 0 3 0 0 1 0/0 18:33 2:30 2:12
Francis Paré 1 0 1 1 0 4 1 2 0 0 0/0 10:19 0:00 0:00
Jerome Samson 0 2 2 -1 0 1 0 1 0 1 0/1 13:21 2:56 0:00
Jim O'Brien 0 1 1 0 0 3 0 0 0 1 16/30 22:55 3:54 3:13
Joshua Leivo 0 0 0 -1 0 2 1 0 1 0 1/2 16:50 2:56 2:23
JT Compher 0 0 0 1 0 1 0 0 0 0 1/1 10:19 0:00 0:00
Kurtis Gabriel 0 0 0 0 0 0 0 0 0 0 1/2 1:39 0:00 0:00
Matthew Finn 0 0 0 0 0 1 0 0 0 0 0/0 4:37 0:00 0:00
Max Gortz 0 0 0 0 0 1 0 1 1 0 0/0 8:32 0:00 0:00
Michael McCarron 0 0 0 0 0 0 0 0 0 0 0/0 0:00 0:00 0:00
Nicolas Petan 0 0 0 0 0 0 0 0 0 0 0/3 8:32 0:00 0:00
Raphael Bussieres 0 0 0 0 0 0 0 0 0 0 0/0 1:58 0:00 1:43
Riley Nash 0 1 1 -1 0 1 1 0 1 0 5/11 14:27 2:56 0:00
Ryan Graves 0 0 0 0 2 0 0 0 0 0 0/0 0:32 0:00 0:00
Sam Kurker 0 0 0 0 0 0 0 0 0 0 0/0 0:33 0:00 0:00
Scott Mayfield 0 0 0 -1 0 0 2 2 0 0 0/0 18:33 2:30 2:12
Tomas Tatar 1 0 1 0 0 7 1 2 1 0 3/6 22:55 3:54 3:13
3 Stars
1 - Derek Joslin (Ham)
2 - Cam Atkinson (Tex)
3 - Francis Paré (Ham)
Power Play
Little Stars - 0 on 4 Attempt(s) - 0.00%
Mustangs - 1 on 4 Attempt(s) - 25.00%
Penalty Kill
Little Stars - 3 on 4 Attempt(s) - 75.00%
- Score 1 goal in Penalty Kill
Mustangs - 4 on 4 Attempt(s) - 100.00%
- Score 0 goal in Penalty Kill
Team Stat
Little Stars - Hits : 26 - Faceoff Wins : 34 - Blocked Shots : 12 - Penalty Minutes : 8
Mustangs - Hits : 22 - Faceoff Wins : 28 - Blocked Shots : 18 - Penalty Minutes : 8
Official
Referees : Unknown
Linesman : Unknown
Game Notes
Jerome Samson is injured at 11:54 of 3rd period (Bruised Left Leg)
Finance
Level 1 -- Attendance: 1369 (68.45%) -- Ticket Income $54,760
Level 2 -- Attendance: 722 (72.20%) -- Ticket Income $14,440
Total Attendance: 2091 (69.70%)
Total Ticket Income: $69,200
Other Income: $3,460
Total Income: $72,660
Little Stars
5 vs 5 Forward
Center Left Wing Right Wing Time % Phy DF OF
1 Brian Flynn Shawn Matthias Cam Atkinson 40 1 2 2
2 Dana Tyrell Jesse Joensuu Zach Budish 30 1 2 2
3 Mathieu Perreault Alexander Vasyunov Scott Kosmachuck 20 1 2 2
4 Daniel O'regan Michael Mersch Justin Auger 10 1 2 2
5 vs 5 Defense
Defense Defense Time % Phy DF OF
1 Phil Oreskovic Andrej Sustr 40 1 2 2
2 Tyson Barrie Jordie Benn 30 1 2 2
3 Tyler Wotherspoon Tucker Poolman 20 1 2 2
4 Reece Willcox Phil Oreskovic 10 1 2 2
PowerPlay Forward
Center Left Wing Right Wing Time % Phy DF OF
1 Brian Flynn Shawn Matthias Cam Atkinson 60 1 2 2
2 Dana Tyrell Jesse Joensuu Zach Budish 40 1 2 2
PowerPlay Defense
Defense Defense Time % Phy DF OF
1 Phil Oreskovic Andrej Sustr 60 1 2 2
2 Tyson Barrie Jordie Benn 40 1 2 2
Penalty Kill 4 Players Forward
Center Wing Time % Phy DF OF
1 Shawn Matthias Cam Atkinson 60 1 2 2
2 Brian Flynn Dana Tyrell 40 1 2 2
Penalty Kill 4 Players Defense
Defense Defense Time % Phy DF OF
1 Phil Oreskovic Andrej Sustr 60 1 2 2
2 Tyson Barrie Jordie Benn 40 1 2 2
Penalty Kill - 3 Players Forward
Forward Time % Phy DF OF
1 Shawn Matthias 60 1 2 2
2 Cam Atkinson 40 1 2 2
Penalty Kill - 3 Players Defense
Defense Defense Time % Phy DF OF
1 Phil Oreskovic Andrej Sustr 60 1 2 2
2 Tyson Barrie Jordie Benn 40 1 2 2
4 vs 4 Forward
Center Wing Time % Phy DF OF
1 Shawn Matthias Cam Atkinson 60 1 2 2
2 Brian Flynn Dana Tyrell 40 1 2 2
4 vs 4 Defense
Defense Defense Time % Phy DF OF
1 Phil Oreskovic Andrej Sustr 60 1 2 2
2 Tyson Barrie Jordie Benn 40 1 2 2
Last Minutes Offensive
Center Left Wing Right Wing Defense Defense
Brian Flynn Shawn Matthias Cam Atkinson Phil Oreskovic Andrej Sustr
Last Minutes Defensive
Center Left Wing Right Wing Defense Defense
Brian Flynn Shawn Matthias Cam Atkinson Phil Oreskovic Andrej Sustr
Goaltenders
Starting : Peter Delmas
Backup : Anthony Stolarz
Extra Forwards
Normal : Emile Poirier, Jason Dickinson, Mathieu Perreault - PP : Emile Poirier, Jason Dickinson - PK : Mathieu Perreault
Extra Defensemen
Normal : Tyler Wotherspoon, Tucker Poolman, Reece Willcox - PP : Tyler Wotherspoon - PK : Tucker Poolman, Reece Willcox
Penalty Shots
Shawn Matthias, Cam Atkinson, Brian Flynn, Dana Tyrell, Jesse Joensuu
Scratches
Ville Pokka (Healthy), Spencer Martin (Healthy)
Mustangs
5 vs 5 Forward
Center Left Wing Right Wing Time % Phy DF OF
1 Jim O'Brien Tomas Tatar Andrew Shaw 40 1 2 2
2 Riley Nash Joshua Leivo Jerome Samson 30 1 2 2
3 Andreas Athanasiou JT Compher Francis Paré 20 1 2 2
4 Nicolas Petan Curtis Hamilton Max Gortz 10 1 2 2
5 vs 5 Defense
Defense Defense Time % Phy DF OF
1 Derek Joslin Alexei Marchenko 40 1 2 2
2 Scott Mayfield Eric Knodel 30 1 2 2
3 Danny Biega Ben Harpur 20 1 2 2
4 Dakota Mermis Matthew Finn 10 1 2 2
PowerPlay Forward
Center Left Wing Right Wing Time % Phy DF OF
1 Jim O'Brien Tomas Tatar Andrew Shaw 60 1 2 2
2 Riley Nash Joshua Leivo Jerome Samson 40 1 2 2
PowerPlay Defense
Defense Defense Time % Phy DF OF
1 Derek Joslin Alexei Marchenko 60 1 2 2
2 Scott Mayfield Eric Knodel 40 1 2 2
Penalty Kill 4 Players Forward
Center Wing Time % Phy DF OF
1 Tomas Tatar Jim O'Brien 60 1 2 2
2 Andrew Shaw Joshua Leivo 40 1 2 2
Penalty Kill 4 Players Defense
Defense Defense Time % Phy DF OF
1 Derek Joslin Alexei Marchenko 60 1 2 2
2 Scott Mayfield Eric Knodel 40 1 2 2
Penalty Kill - 3 Players Forward
Forward Time % Phy DF OF
1 Tomas Tatar 60 1 2 2
2 Jim O'Brien 40 1 2 2
Penalty Kill - 3 Players Defense
Defense Defense Time % Phy DF OF
1 Derek Joslin Alexei Marchenko 60 1 2 2
2 Scott Mayfield Eric Knodel 40 1 2 2
4 vs 4 Forward
Center Wing Time % Phy DF OF
1 Tomas Tatar Jim O'Brien 60 1 2 2
2 Andrew Shaw Joshua Leivo 40 1 2 2
4 vs 4 Defense
Defense Defense Time % Phy DF OF
1 Derek Joslin Alexei Marchenko 60 1 2 2
2 Scott Mayfield Eric Knodel 40 1 2 2
Last Minutes Offensive
Center Left Wing Right Wing Defense Defense
Jim O'Brien Tomas Tatar Andrew Shaw Derek Joslin Alexei Marchenko
Last Minutes Defensive
Center Left Wing Right Wing Defense Defense
Jim O'Brien Tomas Tatar Andrew Shaw Derek Joslin Alexei Marchenko
Goaltenders
Starting : Chet Pickard
Backup : Joacim Eriksson
Extra Forwards
Normal : Kurtis Gabriel, Sam Kurker, Raphael Bussieres - PP : Kurtis Gabriel, Sam Kurker - PK : Raphael Bussieres
Extra Defensemen
Normal : Ryan Graves, Danny Biega, Ben Harpur - PP : Ryan Graves - PK : Danny Biega, Ben Harpur
Penalty Shots
Tomas Tatar, Jim O'Brien, Andrew Shaw, Joshua Leivo, Jerome Samson
Scratches
Mark Pysyk (Right Hand Injury), Eric Comrie (Healthy)
% Time on Ice - Little Stars
Lines # - Real PCT - Wanted PCT - Time Play
Normal Forward
1 - 33% - 40% - 15:30
2 - 31% - 30% - 14:14
3 - 20% - 20% - 9:23
4 - 16% - 10% - 7:15
Normal Defense
1 - 39% - 40% - 18:00
2 - 34% - 30% - 15:58
3 - 21% - 20% - 9:41
4 - 6% - 10% - 2:43
PP Forward
1 - 59% - 60% - 3:38
2 - 41% - 40% - 2:34
PP Defense
1 - 66% - 60% - 4:05
2 - 34% - 40% - 2:07
PK Forward
1 - 76% - 60% - 5:11
2 - 24% - 40% - 1:39
PK Defense
1 - 60% - 60% - 4:08
2 - 40% - 40% - 2:42
PK3 Forward
1 - 0% - 60%
2 - 0% - 40%
PK3 Defense
1 - 0% - 60%
2 - 0% - 40%
44 Forward
1 - 0% - 60%
2 - 0% - 40%
44 Defense
1 - 0% - 60%
2 - 0% - 40%
Last Minute Offensive - 0:36
Last Minute Defensive - 0:00
Total
Forward - 60:00
Defense - 60:00
|
% Time on Ice - Mustangs
Lines # - Real PCT - Wanted PCT - Time Play
Normal Forward
1 - 35% - 40% - 16:03
2 - 25% - 30% - 11:31
3 - 22% - 20% - 10:19
4 - 18% - 10% - 8:32
Normal Defense
1 - 41% - 40% - 19:10
2 - 30% - 30% - 13:51
3 - 19% - 20% - 8:47
4 - 10% - 10% - 4:37
PP Forward
1 - 57% - 60% - 3:54
2 - 43% - 40% - 2:56
PP Defense
1 - 63% - 60% - 4:20
2 - 37% - 40% - 2:30
PK Forward
1 - 72% - 60% - 4:29
2 - 28% - 40% - 1:43
PK Defense
1 - 65% - 60% - 4:00
2 - 35% - 40% - 2:12
PK3 Forward
1 - 0% - 60%
2 - 0% - 40%
PK3 Defense
1 - 0% - 60%
2 - 0% - 40%
44 Forward
1 - 0% - 60%
2 - 0% - 40%
44 Defense
1 - 0% - 60%
2 - 0% - 40%
Last Minute Offensive - 0:00
Last Minute Defensive - 0:33
Total
Forward - 60:00
Defense - 60:00
|
Play by Play
1st period
0:01 of 1st period - Brian Flynn wins face-off versus Jim O'Brien in neutral zone.
0:06 of 1st period - Snap shot by Brian Flynn.
0:06 of 1st period - Stopped by Chet Pickard with a rebound.
0:16 of 1st period - Wrist shot by Jim O'Brien.
0:16 of 1st period - Stopped by Peter Delmas without a rebound.
0:17 of 1st period - Riley Nash wins face-off versus Dana Tyrell in Little Stars zone.
0:18 of 1st period - Wrist shot by Joshua Leivo.
0:18 of 1st period - Stopped by Peter Delmas with a rebound.
1:36 of 1st period - Minor Penalty to Andrew Shaw for Goalie Interference.
1:37 of 1st period - Brian Flynn wins face-off versus Tomas Tatar in Mustangs zone.
3:36 of 1st period - Penalty to Andrew Shaw is over, Andrew Shaw is back on ice.
3:53 of 1st period - Snap shot by Andreas Athanasiou.
3:53 of 1st period - Shot Misses the Net.
3:55 of 1st period - Wrist shot by Matthew Finn.
3:55 of 1st period - Stopped by Peter Delmas with a rebound.
3:57 of 1st period - Snap shot by JT Compher.
3:57 of 1st period - Deflect By Francis Paré.
3:57 of 1st period - Shot Misses the Net.
3:57 of 1st period - Puck is out of play.
3:58 of 1st period - Mathieu Perreault wins face-off versus Nicolas Petan in Little Stars zone.
4:23 of 1st period - Tomas Tatar is hit by Tyler Wotherspoon and loses puck.
4:32 of 1st period - Off-side.
4:33 of 1st period - Dana Tyrell wins face-off versus Riley Nash in neutral zone.
5:41 of 1st period - Tyson Barrie is hit by Eric Knodel.
6:05 of 1st period - Snap shot by Dana Tyrell.
6:05 of 1st period - Shot Misses the Net.
6:07 of 1st period - Slapshot by Jesse Joensuu.
6:07 of 1st period - Shot Misses the Net.
6:09 of 1st period - Slapshot by Jordie Benn.
6:09 of 1st period - Shot Blocked by Scott Mayfield.
6:11 of 1st period - Slapshot by Jordie Benn.
6:11 of 1st period - Deflect By Eric Knodel.
6:11 of 1st period - Stopped by Chet Pickard with a rebound.
6:25 of 1st period - Slapshot by JT Compher.
6:25 of 1st period - Shot Misses the Net.
6:47 of 1st period - Wrist shot by Andrew Shaw.
6:47 of 1st period - Stopped by Peter Delmas without a rebound.
6:48 of 1st period - Riley Nash wins face-off versus Dana Tyrell in Little Stars zone.
6:49 of 1st period - Snap shot by Joshua Leivo.
6:49 of 1st period - Stopped by Peter Delmas without a rebound.
6:50 of 1st period - Dana Tyrell wins face-off versus Riley Nash in Little Stars zone.
6:57 of 1st period - Snap shot by Jesse Joensuu.
6:57 of 1st period - Stopped by Chet Pickard without a rebound.
6:58 of 1st period - Joshua Leivo wins face-off versus Dana Tyrell in Mustangs zone.
7:11 of 1st period - Wrist shot by Joshua Leivo.
7:11 of 1st period - Shot Blocked by Tyler Wotherspoon.
7:33 of 1st period - Snap shot by Jerome Samson.
7:33 of 1st period - Stopped by Peter Delmas with a rebound.
7:39 of 1st period - Wrist shot by Dana Tyrell.
7:39 of 1st period - Shot Misses the Net.
7:51 of 1st period - Wrist shot by Jesse Joensuu.
7:51 of 1st period - Shot Misses the Net.
8:07 of 1st period - Wrist shot by Joshua Leivo.
8:07 of 1st period - Deflect By Riley Nash.
8:07 of 1st period - Shot Misses the Net.
8:07 of 1st period - Puck is out of play.
8:08 of 1st period - Jim O'Brien wins face-off versus Brian Flynn in Little Stars zone.
8:11 of 1st period - Slapshot by Tomas Tatar.
8:11 of 1st period - Stopped by Peter Delmas without a rebound.
8:12 of 1st period - Brian Flynn wins face-off versus Jim O'Brien in Little Stars zone.
9:27 of 1st period - Wrist shot by Shawn Matthias.
9:27 of 1st period - Deflect By Brian Flynn.
9:27 of 1st period - Shot Misses the Net.
9:27 of 1st period - Puck is out of play.
9:28 of 1st period - Jim O'Brien wins face-off versus Brian Flynn in Mustangs zone.
9:55 of 1st period - Slapshot by Dana Tyrell.
9:55 of 1st period - Shot Blocked by Alexei Marchenko.
10:01 of 1st period - Backhand shot by Dana Tyrell.
10:01 of 1st period - Stopped by Chet Pickard without a rebound.
10:02 of 1st period - Brian Flynn wins face-off versus Jim O'Brien in Mustangs zone.
10:11 of 1st period - Backhand shot by Tomas Tatar.
10:11 of 1st period - Stopped by Peter Delmas without a rebound.
10:12 of 1st period - Jim O'Brien wins face-off versus Brian Flynn in Little Stars zone.
10:23 of 1st period - Wrist shot by Tomas Tatar.
10:23 of 1st period - Stopped by Peter Delmas with a rebound.
10:25 of 1st period - Wrist shot by Tomas Tatar.
10:25 of 1st period - Shot Misses the Net.
10:27 of 1st period - Snap shot by Jim O'Brien.
10:27 of 1st period - Stopped by Peter Delmas without a rebound.
10:28 of 1st period - Dana Tyrell wins face-off versus Andreas Athanasiou in Little Stars zone.
10:39 of 1st period - Slapshot by Dana Tyrell.
10:39 of 1st period - Stopped by Chet Pickard without a rebound.
10:40 of 1st period - Brian Flynn wins face-off versus Jim O'Brien in Mustangs zone.
10:53 of 1st period - Wrist shot by Tomas Tatar.
10:53 of 1st period - Shot Blocked by Cam Atkinson.
11:05 of 1st period - Derek Joslin is hit by Andrej Sustr and loses puck.
11:14 of 1st period - Backhand shot by Alexander Vasyunov.
11:14 of 1st period - Deflect By Scott Kosmachuck.
11:14 of 1st period - Stopped by Chet Pickard with a rebound.
11:40 of 1st period - Slapshot by Jesse Joensuu.
11:40 of 1st period - Shot Blocked by Danny Biega.
11:59 of 1st period - Wrist shot by Daniel O'regan.
11:59 of 1st period - Shot Misses the Net.
12:33 of 1st period - Snap shot by Mathieu Perreault.
12:33 of 1st period - Shot Blocked by Scott Mayfield.
12:35 of 1st period - Slapshot by Reece Willcox.
12:35 of 1st period - Shot Misses the Net.
12:39 of 1st period - Wrist shot by Mathieu Perreault.
12:39 of 1st period - Goal by Mathieu Perreault - Little Stars : 1 - Mustangs : 0.
12:40 of 1st period - Jim O'Brien wins face-off versus Brian Flynn in neutral zone.
13:05 of 1st period - Minor Penalty to Andrew Shaw for Holding.
13:06 of 1st period - Brian Flynn wins face-off versus Tomas Tatar in Mustangs zone.
13:07 of 1st period - Wrist shot by Cam Atkinson.
13:07 of 1st period - Shot Misses the Net.
13:09 of 1st period - Wrist shot by Andrej Sustr.
13:09 of 1st period - Deflect By Cam Atkinson.
13:09 of 1st period - Shot Misses the Net.
13:09 of 1st period - Puck is out of play.
13:10 of 1st period - Tomas Tatar wins face-off versus Brian Flynn in Mustangs zone.
13:41 of 1st period - Wrist shot by Dana Tyrell.
13:41 of 1st period - Shot Blocked by Derek Joslin.
13:43 of 1st period - Backhand shot by Phil Oreskovic.
13:43 of 1st period - Stopped by Chet Pickard with a rebound.
14:52 of 1st period - Cam Atkinson is hit by Curtis Hamilton and loses puck.
15:05 of 1st period - Penalty to Andrew Shaw is over, Andrew Shaw is back on ice.
15:32 of 1st period - Off-side.
15:33 of 1st period - Daniel O'regan wins face-off versus Andreas Athanasiou in neutral zone.
16:02 of 1st period - Off-side.
16:03 of 1st period - Riley Nash wins face-off versus Brian Flynn in neutral zone.
16:19 of 1st period - Andrej Sustr is hit by Danny Biega and loses puck.
16:44 of 1st period - Zach Budish is hit by Ben Harpur and loses puck.
17:07 of 1st period - Slapshot by Phil Oreskovic.
17:07 of 1st period - Shot Misses the Net.
17:17 of 1st period - Backhand shot by Derek Joslin.
17:17 of 1st period - Shot Blocked by Tyson Barrie.
17:36 of 1st period - Jordie Benn is hit by Derek Joslin and loses puck.
17:41 of 1st period - Snap shot by Jerome Samson.
17:41 of 1st period - Shot Misses the Net.
17:43 of 1st period - Slapshot by Alexei Marchenko.
17:43 of 1st period - Stopped by Peter Delmas with a rebound.
17:45 of 1st period - Slapshot by Derek Joslin.
17:45 of 1st period - Goal by Derek Joslin - Little Stars : 1 - Mustangs : 1.
17:46 of 1st period - Jim O'Brien wins face-off versus Cam Atkinson in neutral zone.
18:16 of 1st period - Snap shot by Dana Tyrell.
18:16 of 1st period - Stopped by Chet Pickard without a rebound.
18:17 of 1st period - Riley Nash wins face-off versus Dana Tyrell in Mustangs zone.
18:29 of 1st period - Snap shot by Joshua Leivo.
18:29 of 1st period - Shot Misses the Net.
18:31 of 1st period - Snap shot by Derek Joslin.
18:31 of 1st period - Shot Misses the Net.
18:33 of 1st period - Slapshot by Derek Joslin.
18:33 of 1st period - Shot Blocked by Dana Tyrell.
18:45 of 1st period - Snap shot by Cam Atkinson.
18:45 of 1st period - Shot Blocked by Alexei Marchenko.
19:15 of 1st period - Snap shot by Mathieu Perreault.
19:15 of 1st period - Shot Misses the Net.
19:31 of 1st period - Jordie Benn is hit by Eric Knodel and loses puck.
19:52 of 1st period - Slapshot by Riley Nash.
19:52 of 1st period - Shot Misses the Net.
19:56 of 1st period - Snap shot by Riley Nash.
19:56 of 1st period - Shot Blocked by Dana Tyrell.
19:58 of 1st period - Snap shot by Joshua Leivo.
19:58 of 1st period - Shot Misses the Net.
Goals for this period are 1 for Little Stars vs 1 for Mustangs.
Shots for this period are 9 for Little Stars vs 12 for Mustangs.
2nd period
0:01 of 2nd period - Jim O'Brien wins face-off versus Brian Flynn in neutral zone.
0:33 of 2nd period - Snap shot by Joshua Leivo.
0:33 of 2nd period - Shot Blocked by Jordie Benn.
0:35 of 2nd period - Wrist shot by Riley Nash.
0:35 of 2nd period - Stopped by Peter Delmas without a rebound.
0:36 of 2nd period - Jim O'Brien wins face-off versus Brian Flynn in Little Stars zone.
0:41 of 2nd period - Snap shot by Tomas Tatar.
0:41 of 2nd period - Stopped by Peter Delmas with a rebound.
1:09 of 2nd period - Snap shot by Dana Tyrell.
1:09 of 2nd period - Stopped by Chet Pickard without a rebound.
1:10 of 2nd period - Shawn Matthias wins face-off versus Jim O'Brien in Mustangs zone.
1:17 of 2nd period - Slapshot by Derek Joslin.
1:17 of 2nd period - Shot Misses the Net.
1:44 of 2nd period - Wrist shot by Joshua Leivo.
1:44 of 2nd period - Shot Misses the Net.
1:59 of 2nd period - Scott Kosmachuck is hit by Francis Paré and loses puck.
2:17 of 2nd period - Andrej Sustr is hit by Scott Mayfield and loses puck.
2:31 of 2nd period - Icing by Max Gortz.
2:32 of 2nd period - Jim O'Brien wins face-off versus Brian Flynn in Mustangs zone.
2:44 of 2nd period - Snap shot by Tomas Tatar.
2:44 of 2nd period - Stopped by Peter Delmas with a rebound.
2:46 of 2nd period - Snap shot by Tomas Tatar.
2:46 of 2nd period - Deflect By Jim O'Brien.
2:46 of 2nd period - Shot Hit the Post.
2:46 of 2nd period - Puck is out of play.
2:47 of 2nd period - Zach Budish wins face-off versus Riley Nash in Little Stars zone.
2:54 of 2nd period - Alexei Marchenko is hit by Jesse Joensuu.
2:58 of 2nd period - Andrej Sustr is hit by Derek Joslin and loses puck.
3:13 of 2nd period - Jesse Joensuu is hit by Alexei Marchenko and loses puck.
3:20 of 2nd period - Wrist shot by Andreas Athanasiou.
3:20 of 2nd period - Stopped by Peter Delmas without a rebound.
3:21 of 2nd period - Brian Flynn wins face-off versus Jim O'Brien in Little Stars zone.
3:47 of 2nd period - Minor Penalty to Scott Kosmachuck for Slashing.
3:48 of 2nd period - Shawn Matthias wins face-off versus Jim O'Brien in Little Stars zone.
3:59 of 2nd period - Snap shot by Andrew Shaw.
3:59 of 2nd period - Stopped by Peter Delmas with a rebound.
4:22 of 2nd period - Jordie Benn is hit by Riley Nash and loses puck.
4:37 of 2nd period - Scott Mayfield is hit by Brian Flynn and loses puck.
4:42 of 2nd period - Snap shot by Brian Flynn.
4:42 of 2nd period - Stopped by Chet Pickard with a rebound.
4:44 of 2nd period - Slapshot by Andrej Sustr.
4:44 of 2nd period - Stopped by Chet Pickard without a rebound.
4:45 of 2nd period - Shawn Matthias wins face-off versus Jerome Samson in Mustangs zone.
5:47 of 2nd period - Penalty to Scott Kosmachuck is over, Scott Kosmachuck is back on ice.
5:59 of 2nd period - Snap shot by Francis Paré.
5:59 of 2nd period - Stopped by Peter Delmas with a rebound.
6:01 of 2nd period - Snap shot by Andreas Athanasiou.
6:01 of 2nd period - Stopped by Peter Delmas with a rebound.
6:03 of 2nd period - Slapshot by Andreas Athanasiou.
6:03 of 2nd period - Shot Misses the Net.
6:15 of 2nd period - Snap shot by Mathieu Perreault.
6:15 of 2nd period - Shot Misses the Net.
6:17 of 2nd period - Wrist shot by Scott Kosmachuck.
6:17 of 2nd period - Stopped by Chet Pickard with a rebound.
6:19 of 2nd period - Wrist shot by Alexander Vasyunov.
6:19 of 2nd period - Stopped by Chet Pickard with a rebound.
6:21 of 2nd period - Slapshot by Jordie Benn.
6:21 of 2nd period - Shot Misses the Net.
6:41 of 2nd period - Jerome Samson is hit by Daniel O'regan.
6:53 of 2nd period - JT Compher is hit by Cam Atkinson.
7:11 of 2nd period - Jesse Joensuu is hit by Andrew Shaw and loses puck.
7:48 of 2nd period - Wrist shot by Max Gortz.
7:48 of 2nd period - Stopped by Peter Delmas with a rebound.
7:52 of 2nd period - Slapshot by Alexei Marchenko.
7:52 of 2nd period - Shot Misses the Net.
8:49 of 2nd period - Backhand shot by Alexander Vasyunov.
8:49 of 2nd period - Stopped by Chet Pickard with a rebound.
9:14 of 2nd period - Wrist shot by Francis Paré.
9:14 of 2nd period - Shot Blocked by Shawn Matthias.
9:28 of 2nd period - Wrist shot by Joshua Leivo.
9:28 of 2nd period - Shot Misses the Net.
9:50 of 2nd period - Slapshot by Tomas Tatar.
9:50 of 2nd period - Shot Blocked by Tyson Barrie.
10:37 of 2nd period - Wrist shot by Dana Tyrell.
10:37 of 2nd period - Shot Blocked by Alexei Marchenko.
10:39 of 2nd period - Slapshot by Jordie Benn.
10:39 of 2nd period - Shot Blocked by Alexei Marchenko.
10:41 of 2nd period - Snap shot by Jesse Joensuu.
10:41 of 2nd period - Stopped by Chet Pickard with a rebound.
10:43 of 2nd period - Wrist shot by Zach Budish.
10:43 of 2nd period - Shot Blocked by Max Gortz.
10:44 of 2nd period - Minor Penalty to Tyson Barrie for Holding.
10:45 of 2nd period - Jim O'Brien wins face-off versus Shawn Matthias in Little Stars zone.
11:39 of 2nd period - Tomas Tatar is hit by Cam Atkinson and loses puck.
12:40 of 2nd period - Brian Flynn is hit by Joshua Leivo and loses puck.
12:44 of 2nd period - Penalty to Tyson Barrie is over, Tyson Barrie is back on ice.
12:56 of 2nd period - Mathieu Perreault is hit by Andreas Athanasiou.
13:10 of 2nd period - Curtis Hamilton is hit by Michael Mersch and loses puck.
13:53 of 2nd period - Andreas Athanasiou is hit by Phil Oreskovic.
14:03 of 2nd period - Max Gortz is hit by Daniel O'regan and loses puck.
15:18 of 2nd period - Alexei Marchenko is hit by Dana Tyrell and loses puck.
15:35 of 2nd period - Snap shot by Curtis Hamilton.
15:35 of 2nd period - Shot Misses the Net.
15:37 of 2nd period - Slapshot by Dakota Mermis.
15:37 of 2nd period - Shot Blocked by Tucker Poolman.
16:03 of 2nd period - Cam Atkinson is hit by Dakota Mermis and loses puck.
16:16 of 2nd period - Wrist shot by Mathieu Perreault.
16:16 of 2nd period - Shot Blocked by Ben Harpur.
16:18 of 2nd period - Snap shot by Mathieu Perreault.
16:18 of 2nd period - Shot Blocked by Danny Biega.
16:36 of 2nd period - Wrist shot by Max Gortz.
16:36 of 2nd period - Deflect By Curtis Hamilton.
16:36 of 2nd period - Stopped by Peter Delmas without a rebound.
16:37 of 2nd period - Dana Tyrell wins face-off versus Nicolas Petan in Little Stars zone.
16:37 of 2nd period - Dana Tyrell is hit by Derek Joslin.
17:33 of 2nd period - Snap shot by Curtis Hamilton.
17:33 of 2nd period - Stopped by Peter Delmas without a rebound.
17:34 of 2nd period - Brian Flynn wins face-off versus Jim O'Brien in Little Stars zone.
17:41 of 2nd period - Slapshot by Andrej Sustr.
17:41 of 2nd period - Shot Blocked by Tomas Tatar.
17:55 of 2nd period - Minor Penalty to Phil Oreskovic for Hooking.
17:56 of 2nd period - Jim O'Brien wins face-off versus Shawn Matthias in Little Stars zone.
18:03 of 2nd period - Slapshot by Andrew Shaw.
18:03 of 2nd period - Stopped by Peter Delmas without a rebound.
18:04 of 2nd period - Jim O'Brien wins face-off versus Shawn Matthias in Little Stars zone.
19:19 of 2nd period - Off-side.
19:20 of 2nd period - Mathieu Perreault wins face-off versus Riley Nash in neutral zone.
19:55 of 2nd period - Penalty to Phil Oreskovic is over, Phil Oreskovic is back on ice.
Goals for this period are 0 for Little Stars vs 0 for Mustangs.
Shots for this period are 7 for Little Stars vs 11 for Mustangs.
3rd period
0:01 of 3rd period - Brian Flynn wins face-off versus Jim O'Brien in neutral zone.
0:01 of 3rd period - Brian Flynn is hit by Tomas Tatar.
0:25 of 3rd period - Joshua Leivo is hit by Alexander Vasyunov and loses puck.
0:46 of 3rd period - Slapshot by Dana Tyrell.
0:46 of 3rd period - Deflect By Zach Budish.
0:46 of 3rd period - Shot Misses the Net.
0:46 of 3rd period - Puck is out of play.
0:47 of 3rd period - JT Compher wins face-off versus Dana Tyrell in Mustangs zone.
0:47 of 3rd period - JT Compher is hit by Jesse Joensuu.
0:52 of 3rd period - Derek Joslin is hit by Jesse Joensuu and loses puck.
1:03 of 3rd period - Backhand shot by Dana Tyrell.
1:03 of 3rd period - Shot Blocked by Alexei Marchenko.
1:05 of 3rd period - Slapshot by Jordie Benn.
1:05 of 3rd period - Shot Misses the Net.
1:07 of 3rd period - Slapshot by Tyson Barrie.
1:07 of 3rd period - Stopped by Chet Pickard with a rebound.
1:09 of 3rd period - Slapshot by Tyson Barrie.
1:09 of 3rd period - Shot Blocked by Francis Paré.
1:11 of 3rd period - Snap shot by Jesse Joensuu.
1:11 of 3rd period - Stopped by Chet Pickard without a rebound.
1:12 of 3rd period - Jim O'Brien wins face-off versus Brian Flynn in Mustangs zone.
1:19 of 3rd period - Snap shot by Cam Atkinson.
1:19 of 3rd period - Stopped by Chet Pickard with a rebound.
1:21 of 3rd period - Wrist shot by Cam Atkinson.
1:21 of 3rd period - Shot Misses the Net.
1:23 of 3rd period - Slapshot by Brian Flynn.
1:23 of 3rd period - Shot Blocked by Andrew Shaw.
1:25 of 3rd period - Snap shot by Cam Atkinson.
1:25 of 3rd period - Deflect By Brian Flynn.
1:25 of 3rd period - Stopped by Chet Pickard with a rebound.
1:48 of 3rd period - Snap shot by Jerome Samson.
1:48 of 3rd period - Shot Blocked by Mathieu Perreault.
1:57 of 3rd period - Off-side.
1:58 of 3rd period - Andreas Athanasiou wins face-off versus Dana Tyrell in neutral zone.
2:11 of 3rd period - Snap shot by Andreas Athanasiou.
2:11 of 3rd period - Shot Misses the Net.
2:27 of 3rd period - Wrist shot by Andrew Shaw.
2:27 of 3rd period - Shot Misses the Net.
2:29 of 3rd period - Slapshot by Alexei Marchenko.
2:29 of 3rd period - Shot Blocked by Jordie Benn.
2:31 of 3rd period - Snap shot by Alexei Marchenko.
2:31 of 3rd period - Deflect By Tyson Barrie.
2:31 of 3rd period - Stopped by Peter Delmas without a rebound.
2:32 of 3rd period - Brian Flynn wins face-off versus Jim O'Brien in Little Stars zone.
2:37 of 3rd period - Snap shot by Andrej Sustr.
2:37 of 3rd period - Stopped by Chet Pickard with a rebound.
2:57 of 3rd period - Eric Knodel is hit by Jesse Joensuu and loses puck.
3:16 of 3rd period - Snap shot by Francis Paré.
3:16 of 3rd period - Shot Misses the Net.
3:18 of 3rd period - Wrist shot by Andreas Athanasiou.
3:18 of 3rd period - Shot Blocked by Phil Oreskovic.
3:20 of 3rd period - Slapshot by Francis Paré.
3:20 of 3rd period - Stopped by Peter Delmas with a rebound.
3:22 of 3rd period - Slapshot by JT Compher.
3:22 of 3rd period - Stopped by Peter Delmas with a rebound.
5:25 of 3rd period - Tucker Poolman is hit by Curtis Hamilton and loses puck.
6:01 of 3rd period - Joshua Leivo is hit by Mathieu Perreault and loses puck.
6:27 of 3rd period - Snap shot by Tomas Tatar.
6:27 of 3rd period - Stopped by Peter Delmas with a rebound.
6:53 of 3rd period - Alexander Vasyunov is hit by Scott Mayfield and loses puck.
7:16 of 3rd period - Tomas Tatar is hit by Shawn Matthias and loses puck.
7:30 of 3rd period - Alexei Marchenko is hit by Phil Oreskovic and loses puck.
7:51 of 3rd period - Minor Penalty to Andrej Sustr for Diving.
7:52 of 3rd period - Shawn Matthias wins face-off versus Joshua Leivo in Little Stars zone.
8:08 of 3rd period - Snap shot by Cam Atkinson.
8:08 of 3rd period - Goal by Cam Atkinson - Little Stars : 2 - Mustangs : 1.
8:09 of 3rd period - Shawn Matthias wins face-off versus Andrew Shaw in neutral zone.
8:14 of 3rd period - Snap shot by Cam Atkinson.
8:14 of 3rd period - Stopped by Chet Pickard without a rebound.
8:15 of 3rd period - Jim O'Brien wins face-off versus Shawn Matthias in Mustangs zone.
8:44 of 3rd period - Slapshot by Derek Joslin.
8:44 of 3rd period - Goal by Derek Joslin - Little Stars : 2 - Mustangs : 2.
8:45 of 3rd period - Brian Flynn wins face-off versus Tomas Tatar in neutral zone.
8:50 of 3rd period - Alexei Marchenko is hit by Cam Atkinson and loses puck.
9:11 of 3rd period - Andrej Sustr is hit by Alexei Marchenko and loses puck.
9:27 of 3rd period - Francis Paré is hit by Phil Oreskovic and loses puck.
9:38 of 3rd period - Slapshot by Daniel O'regan.
9:38 of 3rd period - Shot Misses the Net.
9:40 of 3rd period - Slapshot by Tyson Barrie.
9:40 of 3rd period - Shot Blocked by Francis Paré.
9:48 of 3rd period - Snap shot by Francis Paré.
9:48 of 3rd period - Stopped by Peter Delmas without a rebound.
9:49 of 3rd period - Brian Flynn wins face-off versus Jim O'Brien in Little Stars zone.
9:58 of 3rd period - Wrist shot by Cam Atkinson.
9:58 of 3rd period - Goal by Cam Atkinson - Little Stars : 3 - Mustangs : 2.
9:59 of 3rd period - Jim O'Brien wins face-off versus Brian Flynn in neutral zone.
10:12 of 3rd period - Snap shot by Tomas Tatar.
10:12 of 3rd period - Shot Misses the Net.
10:28 of 3rd period - Icing by Derek Joslin.
10:29 of 3rd period - Riley Nash wins face-off versus Dana Tyrell in Mustangs zone.
10:29 of 3rd period - Riley Nash is hit by Dana Tyrell.
10:37 of 3rd period - Wrist shot by Jesse Joensuu.
10:37 of 3rd period - Stopped by Chet Pickard without a rebound.
10:38 of 3rd period - Jim O'Brien wins face-off versus Brian Flynn in Mustangs zone.
10:47 of 3rd period - Icing by Jim O'Brien.
10:48 of 3rd period - Brian Flynn wins face-off versus Jim O'Brien in Mustangs zone.
11:35 of 3rd period - Alexei Marchenko is hit by Cam Atkinson and loses puck.
11:52 of 3rd period - Snap shot by Shawn Matthias.
11:52 of 3rd period - Deflect By Brian Flynn.
11:52 of 3rd period - Shot Blocked by Tomas Tatar.
11:52 of 3rd period - Puck is out of play.
11:53 of 3rd period - Dana Tyrell wins face-off versus Riley Nash in Mustangs zone.
11:54 of 3rd period - Wrist shot by Jesse Joensuu.
11:54 of 3rd period - Shot Blocked by Jerome Samson.
11:54 of 3rd period - Jerome Samson from Mustangs is injured at 11:54 of 3rd period (Bruised Left Leg).
11:55 of 3rd period - Jim O'Brien wins face-off versus Brian Flynn in Mustangs zone.
12:23 of 3rd period - Wrist shot by Francis Paré.
12:23 of 3rd period - Goal by Francis Paré - Little Stars : 3 - Mustangs : 3.
12:24 of 3rd period - Brian Flynn wins face-off versus Jim O'Brien in neutral zone.
12:35 of 3rd period - Snap shot by Brian Flynn.
12:35 of 3rd period - Stopped by Chet Pickard with a rebound.
12:51 of 3rd period - Riley Nash is hit by Dana Tyrell and loses puck.
13:12 of 3rd period - Slapshot by Michael Mersch.
13:12 of 3rd period - Stopped by Chet Pickard without a rebound.
13:13 of 3rd period - Daniel O'regan wins face-off versus Jim O'Brien in Mustangs zone.
13:13 of 3rd period - Daniel O'regan is hit by Eric Knodel.
13:50 of 3rd period - Slapshot by Shawn Matthias.
13:50 of 3rd period - Shot Misses the Net.
14:44 of 3rd period - Icing by Michael Mersch.
14:45 of 3rd period - Daniel O'regan wins face-off versus Nicolas Petan in Little Stars zone.
15:10 of 3rd period - Wrist shot by Max Gortz.
15:10 of 3rd period - Shot Misses the Net.
15:42 of 3rd period - Snap shot by Jim O'Brien.
15:42 of 3rd period - Stopped by Peter Delmas with a rebound.
15:46 of 3rd period - Snap shot by Tomas Tatar.
15:46 of 3rd period - Goal by Tomas Tatar - Little Stars : 3 - Mustangs : 4.
15:47 of 3rd period - Mathieu Perreault wins face-off versus Andreas Athanasiou in neutral zone.
16:31 of 3rd period - Ben Harpur is hit by Zach Budish and loses puck.
16:40 of 3rd period - Phil Oreskovic is hit by Andrew Shaw and loses puck.
16:50 of 3rd period - Icing by Tomas Tatar.
16:51 of 3rd period - Daniel O'regan wins face-off versus Riley Nash in Mustangs zone.
17:02 of 3rd period - Slapshot by Jordie Benn.
17:02 of 3rd period - Stopped by Chet Pickard without a rebound.
17:03 of 3rd period - Mathieu Perreault wins face-off versus Andreas Athanasiou in Mustangs zone.
17:07 of 3rd period - Minor Penalty to Andreas Athanasiou for Roughing.
17:08 of 3rd period - Tomas Tatar wins face-off versus Brian Flynn in Mustangs zone.
18:16 of 3rd period - Jim O'Brien is hit by Zach Budish and loses puck.
19:07 of 3rd period - Penalty to Andreas Athanasiou is over, Andreas Athanasiou is back on ice.
19:22 of 3rd period - Andrew Shaw is hit by Andrej Sustr and loses puck.
19:25 of 3rd period - Little Stars, Peter Delmas is pulled from the net.
19:29 of 3rd period - Wrist shot by Mathieu Perreault.
19:29 of 3rd period - Stopped by Chet Pickard with a rebound.
19:31 of 3rd period - Snap shot by Mathieu Perreault.
19:31 of 3rd period - Stopped by Chet Pickard without a rebound.
19:32 of 3rd period - Todd McLellan call a timeout for Little Stars.
19:32 of 3rd period - Emile Poirier wins face-off versus Kurtis Gabriel in Mustangs zone.
19:35 of 3rd period - Slapshot by Tyler Wotherspoon.
19:35 of 3rd period - Shot Misses the Net.
19:37 of 3rd period - Wrist shot by Mathieu Perreault.
19:37 of 3rd period - Shot Misses the Net.
19:39 of 3rd period - Slapshot by Tyler Wotherspoon.
19:39 of 3rd period - Deflect By Andrew Shaw.
19:39 of 3rd period - Stopped by Chet Pickard with a rebound.
19:41 of 3rd period - Slapshot by Tucker Poolman.
19:41 of 3rd period - Deflect By Andrew Shaw.
19:41 of 3rd period - Stopped by Chet Pickard without a rebound.
19:42 of 3rd period - Kurtis Gabriel wins face-off versus Emile Poirier in Mustangs zone.
19:44 of 3rd period - Minor Penalty to Ryan Graves for Interference.
19:45 of 3rd period - Tomas Tatar wins face-off versus Brian Flynn in Mustangs zone.
Goals for this period are 2 for Little Stars vs 3 for Mustangs.
Shots for this period are 16 for Little Stars vs 9 for Mustangs.
Back to the Top